 Dungeon Crawl Stone Soup version 0.31.0-1-g2c135a008e (webtiles) character file.

Game seed: 15428837476241024243

1488 qw the Shooter (level 9, -4/64 HPs)
             Began as a Djinni Hunter on Jan 23, 2024.
             Slain by a gnoll sergeant
             ... wielding a +4 trident of protection
              (13 damage)
             ... on level 6 of the Dungeon.
             The game lasted 00:00:17 (3845 turns).

qw the Shooter (Djinni Hunter)                      Turns: 3845, Time: 00:00:18

Health: -4/64      AC:  8    Str: 10    XL:     9   Next: 7%
Gold:   378        EV: 14    Int: 10    God:
                   SH:  0    Dex: 28

rFire   + . .        a - +0 shortbow (heavy)
rCold   . . .        (shield currently unavailable)
rNeg    . . .        l - +0 ring mail
rPois   inf          g - +0 helmet
rElec   .            (no cloak)
rCorr   .            k - +1 pair of gloves
SInv    .            (boots unavailable)
Will    .....        (no amulet)
Stlth   ++           f - +6 ring of dexterity
HPRegen 0.30/turn    n - ring of ice
MPRegen 0.00/turn

%: infuse magic (-5 HP)
@: about to teleport, flying
A: sickness immunity, fire resistance 2, cold vulnerability 1, float, innate
caster, HP casting, extra vitality 1
a: no special abilities


You were on level 6 of the Dungeon.
You visited 1 branch of the dungeon, and saw 6 of its levels.

You collected 378 gold pieces.


Innate Abilities, Weirdness & Mutations

You are immune to sickness and miasma.
You are immune to poison.
Your flesh is very heat resistant. (rF++)
You are vulnerable to cold. (rC-)
You float through the air rather than walking.
You learn spells naturally, not from books.
Your magical power is your life essence.
You have superior vitality. (+4 MHP)


   Skills:
 + Level 4.9 Fighting
 - Level 7.3 Ranged Weapons
 - Level 3.0 Armour
 - Level 5.3 Dodging
 - Level 0.7 Stealth


You knew the following spells:

 Your Spells              Type           Power      Damage    Failure   Level
a - Summon Small Mammal   Summ           0%         N/A       67%         1
b - Static Discharge      Conj/Air       0%         3-3/arc   80%         2
c - Sigil of Binding      Hex            0%         N/A       95%         3
d - Petrify               Alch/Erth      0%         N/A       100%        4
Your spell library was empty.

Inventory:

Hand Weapons
 a - a +0 heavy shortbow (weapon)
Armour
 g - a +0 helmet (worn)
 k - a +1 pair of gloves (worn)
 l - a +0 ring mail (worn)
Jewellery
 b - a ring of protection from fire
 f - a +6 ring of dexterity (left hand)
 n - a ring of ice (right hand)
 p - the ring "Ucwuxkir" {MP+9 Int-5 SInv Stlth+}
   (You found it on level 6 of the Dungeon)

   [ring of magical power]

   Int-5:     It affects your intelligence (-5).
   MP+9:      It affects your magic capacity (+9).
   SInv:      It lets you see invisible.
   Stlth+:    It makes you more stealthy.
Wands
 i - a wand of polymorph (12)
Scrolls
 e - 2 scrolls of teleportation
 j - a scroll of identify
Potions
 c - 2 potions of curing
 d - a potion of might
 h - a potion of cancellation
 m - a potion of haste
 o - a potion of heal wounds

Dungeon Overview and Level Annotations

Branches:
Dungeon (6/15)
 Temple: D:4-7

Altars:
Nemelex Xobeh
Uskayaw

Shops:
D:5 (

Annotations:
D:4 1 runed translucent door, qw's ghost, amateur DjHu


Message History

The gnoll sergeant hits you from afar with a +4 trident of protection.
The gnoll sergeant barely misses you.
You shoot an arrow.
The arrow barely misses the gnoll sergeant.
The arrow hits the gnoll!!
You kill the gnoll!
The gnoll sergeant closely misses you.
The gnoll sergeant hits you from afar with a +4 trident of protection.
You shoot an arrow.
The arrow hits the gnoll sergeant but does no damage.
The gnoll sergeant hits you from afar with a +4 trident of protection.
The gnoll sergeant completely misses you.
You shoot an arrow. The arrow hits the gnoll sergeant!
The gnoll sergeant is heavily wounded.
The gnoll sergeant hits you from afar with a +4 trident of protection!
The gnoll sergeant hits you from afar with a +4 trident of protection.
You shoot an arrow.
The arrow hits the gnoll sergeant but does no damage.
The gnoll sergeant is heavily wounded.
The gnoll sergeant hits you from afar with a +4 trident of protection.
You shoot an arrow. The arrow hits the gnoll sergeant.
The gnoll sergeant is severely wounded.
The gnoll sergeant hits you from afar with a +4 trident of protection!
The gnoll sergeant barely misses you.
You shoot an arrow. The arrow hits the gnoll sergeant.
The gnoll sergeant is severely wounded.
The gnoll sergeant barely misses you. x2
You shoot an arrow.
The arrow closely misses the gnoll sergeant.
The gnoll sergeant hits you but does no damage.
You shoot an arrow.
The arrow hits the gnoll sergeant but does no damage.
The gnoll sergeant is severely wounded.
The gnoll sergeant hits you from afar with a +4 trident of protection.
The gnoll sergeant hits you from afar with a +4 trident of protection!
3845 ||| READING 3 scrolls of teleportation.
As you read the scroll of teleportation, it crumbles to dust.
You feel strangely unstable.
The gnoll sergeant hits you from afar with a +4 trident of protection!
You die...

..##.#..# ..##.#..#
........# .#####..# .#
#..# .#####..# ##
........# ..#
####...###########...###
'......)........@.......
####...###########g).###
# ##..# ..# ##.# ).. #.#
... #.# #. #.# #.# #.#


You could see a gnoll sergeant.

Vanquished Creatures
  Pikel (D:6)
  Sigmund (D:6)
  2 water moccasins
  An ice beast (D:6)
  2 lemures (D:6)
  A phantom (D:4)
  Blork the orc (D:4)
  A hound (D:5)
  A bombardier beetle (D:4)
  A gnoll bouda (D:4)
  An orc priest (D:4)
  An iguana (D:5)
  An orc wizard (D:3)
  A sleepcap (D:4)
  Terence (D:3)
  11 gnolls
  5 adders
  A shadow imp (D:4)
  4 ribbon worms
  3 dart slugs
  8 orcs
  3 bats
  4 endoplasms
  3 giant cockroaches
  7 goblins
  3 hobgoblins
  5 ball pythons
  3 frilled lizards
  8 kobolds
  9 rats
94 creatures vanquished.

Notes
Turn   | Place    | Note
-------+----------+-------------------------------------------
     0 | D:1      | qw the Djinni Hunter began the quest for the Orb.
     0 | D:1      | Reached XP level 1. HP: 18/18 MP: 0/0
     0 | D:1      | 0 ||| qw: Version: 0.3-a-136-gdd3b4e8
     0 | D:1      | 0 ||| qw: Game counter: 1081
     0 | D:1      | 0 ||| qw: Melee chars always use a shield: true
     0 | D:1      | 0 ||| qw: God list: Okawaru
     0 | D:1      | 0 ||| qw: Allow faded altars: false
     0 | D:1      | 0 ||| qw: Do Orc after clearing Dungeon:15 true
     0 | D:1      | 0 ||| qw: Do second Lair branch before Depths: true
     0 | D:1      | 0 ||| qw: Lair rune preference: random
     0 | D:1      | 0 ||| qw: Goals: Normal
     0 | D:1      | 0 ||| PLANNING D:1-11
   178 | D:1      | Reached XP level 2. HP: 23/23 MP: 0/0
   581 | D:1      | 581 ||| UPGRADING to +1 robe of positive energy.
   591 | D:1      | 591 ||| UPGRADING to +0 helmet.
   596 | D:1      | 596 ||| UPGRADING to +6 ring of dexterity.
   597 | D:1      | 597 ||| READING 2 scrolls labelled ZECSICE XISK.
   602 | D:1      | 602 ||| READING scroll labelled NIOCON QEISE.
   603 | D:1      | 603 ||| DROPPING scroll of butterflies.
   667 | D:2      | Reached XP level 3. HP: 28/28 MP: 0/0
   667 | D:2      | Learned a level 1 spell: Summon Small Mammal
   682 | D:2      | Reached skill level 3 in Dodging
   829 | D:2      | Reached skill level 4 in Ranged Weapons
   832 | D:2      | 832 ||| FLEEEEING.
   849 | D:2      | 849 ||| FLEEEEING.
   851 | D:2      | 851 ||| STAIRDANCE
   877 | D:1      | 877 ||| DROPPING +0 leather armour.
   878 | D:1      | 878 ||| UPGRADING to +0 ring mail.
   888 | D:1      | 888 ||| DROPPING +1 robe of positive energy.
   889 | D:1      | 889 ||| UPGRADING to ring of ice.
   890 | D:1      | 890 ||| READING 2 scrolls labelled ZOFYPUCS WAPOM.
   991 | D:1      | 991 ||| READING scroll labelled JUMUTI BOMIETY.
   992 | D:1      | 992 ||| READING scroll labelled BOYCHA KOAGALO.
   993 | D:1      | 993 ||| DRINKING 2 viscous white potions.
   994 | D:1      | 994 ||| DROPPING scroll of vulnerability.
  1003 | D:2      | 1003 ||| STAIRDANCE
  1048 | D:2      | Reached XP level 4. HP: 33/33 MP: 0/0
  1051 | D:2      | Reached skill level 1 in Armour
  1052 | D:2      | Identified the +7 short sword "Rulash" {chaos, *Noise rElec
                  | rPois rC++ Str+3}
  1103 | D:2      | You are sucked into a shaft and drop 1 floor!
  1230 | D:3      | Noticed Terence
  1234 | D:3      | Killed Terence
  1235 | D:3      | Reached skill level 3 in Fighting
  1235 | D:3      | Reached XP level 5. HP: 40/40 MP: 0/0
  1235 | D:3      | Learned a level 2 spell: Static Discharge
  1267 | D:3      | Identified the +3 long sword of Xapasog {freeze, Will+++
                  | Str+2 Dex-2}
  1274 | D:3      | 1274 ||| READING scroll labelled CUDDUM ELUJ.
  1274 | D:3      | 1274 ||| BRANDING +0 shortbow.
  1275 | D:3      | 1275 ||| READING scroll labelled IWOANU FANG.
  1275 | D:3      | 1275 ||| IDENTIFYING orange potion
  1408 | D:2      | 1408 ||| DRINKING 2 lumpy red potions.
  1491 | D:3      | Found a sparkling altar of Nemelex Xobeh.
  1791 | D:3      | 1791 ||| DRINKING potion of curing.
  1791 | D:3      | 1791 ||| (to cure confusion)
  1932 | D:3      | 1932 ||| READING 2 scrolls of identify.
  1932 | D:3      | 1932 ||| IDENTIFYING emerald potion
  1933 | D:3      | 1933 ||| READING scroll of identify.
  1933 | D:3      | 1933 ||| IDENTIFYING smoky brown potion
  1934 | D:3      | 1934 ||| READING scroll labelled JOAPUS QUKAU.
  1935 | D:3      | 1935 ||| DROPPING potion of ambrosia.
  1936 | D:3      | 1936 ||| DROPPING potion of attraction.
  1983 | D:4      | Found a hide-covered altar of Uskayaw.
  2015 | D:4      | Found a runed translucent door.
  2029 | D:4      | Noticed qw's ghost (amateur DjHu)
  2237 | D:4      | Reached XP level 6. HP: 46/46 MP: 0/0
  2268 | D:4      | Reached skill level 5 in Ranged Weapons
  2321 | D:4      | Noticed Blork the orc
  2323 | D:4      | 2323 ||| FLEEEEING.
  2324 | D:4      | 2324 ||| FLEEEEING.
  2325 | D:4      | 2325 ||| FLEEEEING.
  2326 | D:4      | 2326 ||| FLEEEEING.
  2327 | D:4      | 2327 ||| FLEEEEING.
  2328 | D:4      | 2328 ||| FLEEEEING.
  2329 | D:4      | 2329 ||| FLEEEEING.
  2330 | D:4      | 2330 ||| FLEEEEING.
  2331 | D:4      | 2331 ||| FLEEEEING.
  2332 | D:4      | 2332 ||| FLEEEEING.
  2333 | D:4      | 2333 ||| FLEEEEING.
  2334 | D:4      | 2334 ||| FLEEEEING.
  2335 | D:4      | 2335 ||| FLEEEEING.
  2336 | D:4      | 2336 ||| FLEEEEING.
  2337 | D:4      | 2337 ||| FLEEEEING.
  2338 | D:4      | 2338 ||| FLEEEEING.
  2339 | D:4      | 2339 ||| FLEEEEING.
  2340 | D:4      | 2340 ||| FLEEEEING.
  2341 | D:4      | 2341 ||| FLEEEEING.
  2342 | D:4      | 2342 ||| FLEEEEING.
  2343 | D:4      | 2343 ||| FLEEEEING.
  2344 | D:4      | 2344 ||| FLEEEEING.
  2345 | D:4      | 2345 ||| FLEEEEING.
  2346 | D:4      | 2346 ||| FLEEEEING.
  2347 | D:4      | 2347 ||| FLEEEEING.
  2348 | D:4      | 2348 ||| FLEEEEING.
  2349 | D:4      | 2349 ||| FLEEEEING.
  2350 | D:4      | 2350 ||| FLEEEEING.
  2351 | D:4      | 2351 ||| FLEEEEING.
  2352 | D:4      | 2352 ||| FLEEEEING.
  2353 | D:4      | 2353 ||| FLEEEEING.
  2354 | D:4      | 2354 ||| FLEEEEING.
  2355 | D:4      | 2355 ||| FLEEEEING.
  2356 | D:4      | 2356 ||| FLEEEEING.
  2357 | D:4      | 2357 ||| FLEEEEING.
  2358 | D:4      | 2358 ||| FLEEEEING.
  2359 | D:4      | 2359 ||| STAIRDANCE
  2361 | D:3      | 2361 ||| FLEEEEING.
  2362 | D:3      | 2362 ||| FLEEEEING.
  2363 | D:3      | 2363 ||| FLEEEEING.
  2364 | D:3      | 2364 ||| FLEEEEING.
  2365 | D:3      | 2365 ||| FLEEEEING.
  2366 | D:3      | 2366 ||| UPGRADING to +1 pair of gloves.
  2371 | D:3      | 2371 ||| READING 2 scrolls of identify.
  2371 | D:3      | 2371 ||| IDENTIFYING sedimented sapphire potion
  2372 | D:3      | 2372 ||| READING scroll of identify.
  2372 | D:3      | 2372 ||| IDENTIFYING 2 inky potions
  2373 | D:3      | 2373 ||| READING scroll labelled GOMMAIRUORGH.
  2374 | D:3      | 2374 ||| DROPPING 2 potions of degeneration.
  2616 | D:4      | Killed Blork the orc
  2617 | D:4      | Reached XP level 7. HP: 52/52 MP: 0/0
  2617 | D:4      | Learned a level 3 spell: Sigil of Binding
  2711 | D:5      | Entered Level 5 of the Dungeon
  2711 | D:5      | Noticed a water moccasin
  2712 | D:5      | 2712 ||| STAIRDANCE
  2761 | D:5      | 2761 ||| STAIRDANCE
  2766 | D:4      | Killed a water moccasin
  2854 | D:5      | 2854 ||| STAIRDANCE
  2987 | D:5      | Reached skill level 6 in Ranged Weapons
  3149 | D:5      | Found Ashril's Weapon Boutique.
  3197 | D:5      | Noticed a water moccasin
  3205 | D:5      | Killed a water moccasin
  3206 | D:5      | Reached skill level 3 in Armour
  3206 | D:5      | Reached XP level 8. HP: 52/58 MP: 0/0
  3313 | D:5      | 3313 ||| DROPPING scarf of invisibility.
  3314 | D:5      | 3314 ||| READING 2 scrolls of identify.
  3314 | D:5      | 3314 ||| IDENTIFYING dark potion
  3360 | D:6      | Noticed Sigmund
  3366 | D:6      | Killed Sigmund
  3525 | D:6      | Identified the ring "Ucwuxkir" {MP+9 Int-5 SInv Stlth+}
  3536 | D:6      | Noticed Pikel
  3538 | D:6      | 3538 ||| RETREEEEATING.
  3540 | D:6      | 3540 ||| RETREEEEATING.
  3541 | D:6      | 3541 ||| RETREEEEATING.
  3542 | D:6      | 3542 ||| RETREEEEATING.
  3543 | D:6      | 3543 ||| RETREEEEATING.
  3546 | D:6      | 3546 ||| RETREEEEATING.
  3553 | D:6      | Killed Pikel
  3554 | D:6      | Reached skill level 7 in Ranged Weapons
  3660 | D:6      | Reached XP level 9. HP: 55/63 MP: 0/0
  3660 | D:6      | Learned a level 4 spell: Petrify
  3844 | D:6      | HP: 9/64 [gnoll sergeant/+4 trident of protection (8)]
  3845 | D:6      | 3845 ||| READING 3 scrolls of teleportation.
  3845 | D:6      | Slain by a gnoll sergeant

Levels and vault maps discovered:
D:1:      reono_arrival_mine, layout_loops_ring, hangedman_decor_growths
D:2:      layout_rooms, minmay_split_cup_small
D:3:      layout_basic, grunt_temple_overflow_open, vehumet_crystals,
          serial_glass, glass_columns_a, glass_columns_a, item_on_display_a,
          minmay_strange_pillars, item_on_display_a, mrwooster_statue_mirror,
          uniq_terence
D:4:      layout_basic, mainiacjoe_overflow_brackets,
          hellmonk_ghost_happy_afterlife, uniq_blork_the_orc
D:5:      layout_rooms, serial_shops, shop
D:6:      layout_loops_corners, temple_statues, uniq_sigmund, uniq_pikel

Skill      XL: |  1  2  3  4  5  6  7  8 |
---------------+-------------------------+-----
Dodging        | 3 4 5 |  5.3
Ranged Weapons | 4 5 6 7 |  7.3
Armour         | 1 3 |  3.0
Fighting       | 3 4 |  4.9
Stealth        | |  0.7

Action                     |  1- 3 |  4- 6 |  7- 9 || total
---------------------------+-------+-------+-------++-------
   Fire: Shortbow          |    76 |   102 |    90 ||   268
    Use: Scroll            |     5 |     8 |     2 ||    15
         Potion            |     1 |     2 |       ||     3
 Armour: Robe              |     8 |       |       ||     8
         Ring mail         |     6 |    37 |    53 ||    96
         Skin              |       |     9 |       ||     9
  Dodge: Dodged            |    20 |    35 |    62 ||   117

Table legend:
 A = Non-vault XP
 B = Vault XP
 C = Vault XP percentage of total XP
 D = Non-vault monster count
 E = Vault monster count
 F = Vault count percentage of total count
                 A         B        C        D         E       F
            +---------+---------+-------+---------+---------+-------
      Total |    1142 |     985 |  46.3 |      85 |       7 |   7.6
            +---------+---------+-------+---------+---------+-------
        D:1 |      22 |       0 |   0.0 |      14 |       0 |   0.0
        D:2 |      56 |      16 |  22.2 |      22 |       3 |  12.0
        D:3 |      93 |      32 |  25.6 |      16 |       1 |   5.9
        D:4 |     488 |      94 |  16.2 |      19 |       1 |   5.0
        D:5 |     313 |       0 |   0.0 |      10 |       0 |   0.0
        D:6 |     170 |     843 |  83.2 |       4 |       2 |  33.3
            +---------+---------+-------+---------+---------+-------
